 Dungeon Crawl Stone Soup version 0.13.1-27-ga479965 (webtiles) character file.

230 Chiseanne the Ruinous (level 4, -1/40 HPs)
             Began as an Ogre Wanderer on Feb 18, 2014.
             Slain by a centaur (5 damage)
             ... on Level 3 of the Dungeon.
             The game lasted 00:06:14 (2385 turns).

Chiseanne the Ruinous (Ogre Wanderer)               Turns: 2385, Time: 00:06:14

HP  -1/40        AC  3     Str 19      XL: 4   Next: 95%
MP   6/6         EV  7     Int 10      God:
Gold 118         SH 14     Dex  9      Spells:  1 memorised,  4 levels left

Res.Fire  : . . .   See Invis. : .   a - +1,+4 hand axe {=f}
Res.Cold  : . . .   Warding    : .   b - +0 robe
Life Prot.: . . .   Conserve   : .   d - +0 shield
Res.Poison: .       Res.Corr.  : .   (helmet restricted)
Res.Elec. : .       Clarity    : .   (no cloak)
Sust.Abil.: . .     Spirit.Shd : .   (gloves unavailable)
Res.Mut.  : .       Stasis     : .   (boots unavailable)
Res.Rott. : .       Flight     : .   (no amulet)
Saprovore : + . .                    (no ring)
                                     (no ring)

@: slightly resistant to hostile enchantments, very unstealthy
A: unfitting armour, fast metabolism 1, saprovore 1, tough skin 1
a: no special abilities


You were on level 3 of the Dungeon.
You were not hungry.

You visited 1 branch of the dungeon, and saw 3 of its levels.

You collected 68 gold pieces.

Inventory:

Hand weapons
 a - a +1,+4 hand axe (weapon) {=f}
 i - a +2,+2 mace of holy wrath
Missiles
 k - 5 javelins (quivered)
Armour
 b - a +0 robe (worn)
 d - a +0 shield (worn)
Comestibles
 c - 4 meat rations
 f - a choko
 h - a pear
 j - 2 bread rations
 l - an apple
Scrolls
 e - a scroll of remove curse {unknown}
 g - 2 scrolls of teleportation
 n - a scroll of identify
Potions
 m - a potion of speed {unknown}
 o - a potion of heal wounds {unknown}
 p - a potion of restore abilities {unknown}


   Skills:
 * Level 1.7 Fighting
 - Level 1.3 Axes
 * Level 0.6 Maces & Flails
 * Level 0.2 Throwing
 * Level 1.0 Armour
 * Level 1.5 Dodging
 * Level 0.5 Shields
 * Level 1.4 Spellcasting
 * Level 2.5 Conjurations
   Level 2.1 Summonings
   Level 1.0 Invocations
   Level 1.0 Evocations


You had 4 spell levels left.
You knew the following spells:

 Your Spells              Type           Power        Failure   Level  Hunger
a - Flame Tongue          Conj/Fire      #....        93%         1    ##.....


Dungeon Overview and Level Annotations

Branches:
Dungeon (3/27)

Altars:


Innate Abilities, Weirdness & Mutations

You are too large for most types of armour.
You have a fast metabolism.
You can tolerate rotten meat.
You have tough skin (AC +1).


Message History

Found a metallic purple potion.
You see here a ring mail.
You hit the centaur.
The centaur is lightly wounded.
You block the centaur's attack. The centaur barely misses you.
You barely miss the centaur.
The centaur is lightly wounded.
The centaur hits you. You block the centaur's attack.
You hit the centaur.
The centaur is moderately wounded.
The centaur hits you! The centaur hits you.
* * * LOW HITPOINT WARNING * * *
You completely miss the centaur.
The centaur is moderately wounded.
You block the centaur's attack. The centaur hits you.
* * * LOW HITPOINT WARNING * * *
You barely miss the centaur.
The centaur is moderately wounded.
The centaur hits you.
You die...

#.# #...# (... #... ...#
#... ...# #.. #..# #..
#..# ######.# #..#
#...##c#
.#.###..###...##@##.###.
...............(.?.......
.#.###..#...#....##.###.
......)>..............
.#.###..............###
#.......###....#
#..%....# !......
.#.###..###### ......
........# .....


You could see a centaur.

Vanquished Creatures
  Terence (D:2)
  An adder (D:2)
  3 gnolls
  A giant mite (D:1)
  A worm (D:2)
  A ball python (D:3)
  A giant cockroach (D:2)
  4 goblins
  7 hobgoblins
  4 jackals (D:1)
  11 kobolds
  A quokka (D:3)
  6 bats
  3 giant newts
  5 rats
50 creatures vanquished.

Notes
Turn   | Place    | Note
--------------------------------------------------------------
     0 | D:1      | Chiseanne, the Ogre Wanderer, began the quest for the Orb.
     0 | D:1      | Reached XP level 1. HP: 18/18 MP: 2/2
   320 | D:1      | Reached XP level 2. HP: 26/26 MP: 3/3
   629 | D:1      | Reached skill level 1 in Spellcasting
   629 | D:1      | Reached XP level 3. HP: 28/32 MP: 4/4
  1037 | D:2      | Reached skill level 1 in Dodging
  1298 | D:2      | Reached XP level 4. HP: 40/40 MP: 6/6
  1658 | D:2      | Noticed Terence
  1670 | D:2      | Killed Terence
  2342 | D:3      | Reached skill level 1 in Armour
  2379 | D:3      | Noticed a centaur
  2385 | D:3      | Slain by a centaur

Action                   |  1- 3 |  4- 6 || total
-------------------------+-------+-------++-------
Melee: Hand axe          |    66 |    67 ||   133
 Cast: Flame Tongue      |     1 |       ||     1
  Use: Scroll            |     1 |     2 ||     3
       Potion            |     3 |       ||     3
